Map: Alcyone LE

Players

ProtossFan (uThermal) - Winner!

  • Race: Zerg Zerg
  • League: Grandmaster
  • Spawn Location: 7:00

sebesdes

  • Race: Protoss Protoss
  • League: Grandmaster
  • Spawn Location: 1:00

Event: HomeStory Cup XXV

VOD

Have the link to the VOD?

Description

Time

  • Played on: June 21, 2024, 2:06 p.m.
  • Length: 6:55

All games in this series

Show
View Real Time Build Order
Export as new Build Order

ProtossFan Zerg - Winner!

Build Orders: Pool First 

Get SALT Encoding   

  12  0:00  Drone  
  13  0:12  Overlord  
  13  0:16  Drone  
  14  0:30  Drone  
  14  0:31  Drone  
  14  0:35  Drone  
  17  0:44  Extractor  
  17  0:45  Drone  
  17  0:50  Spawning Pool  
  17  0:55  Drone  
  17  1:09  Drone  
  18  1:18  Hatchery  
  17  1:24  Drone  
  18  1:28  Drone  
  19  1:37  Queen  
  21  1:44  Overlord  
  21  1:51  Metabolic Boost  
  21  1:54  Zergling x2  
  22  2:08  Drone  
  23  2:16  Zergling x2  
  24  2:27  Lair  
  24  2:30  Queen  
  24  2:32  Zergling x2  
  24  2:34  Zergling x2  
  24  2:35  Zergling x2  
  29  2:43  Zergling x2  
  30  2:52  Zergling x8  
  30  2:53  Overlord  
  31  3:20  Drone x4  
  35  3:28  Drone x4  
  35  3:33  Drone  
  40  3:35  Drone, Extractor  
  40  3:40  Drone  
  41  3:47  Hydralisk Den  
  40  3:48  Drone  
  40  3:50  Extractor  
  40  3:51  Drone  
  40  3:53  Overlord x2  
  41  4:09  Spore Crawler  
  40  4:11  Spore Crawler, Drone  
  40  4:13  Drone x4  
  43  4:20  Muscular Augments  
  43  4:28  Drone x3  
  45  4:31  Overlord  
  45  4:40  Hydralisk x2  
  45  4:44  Hydralisk  
  51  4:50  Overlord  
  50  5:00  Hydralisk x2  
  50  5:03  Overlord x2  
  50  5:07  Hydralisk  
  50  5:12  Drone  
  50  5:13  Hydralisk  
  55  5:14  Hydralisk  
  55  5:18  Hydralisk  
  55  5:20  Hydralisk  
  61  5:24  Grooved Spines  
  61  5:25  Hydralisk  
  61  5:28  Overlord  
  63  5:30  Zergling x2  
  63  5:31  Zergling x2  
  65  5:39  Hydralisk x2  
  65  5:41  Zergling x6  
  72  5:44  Hydralisk  
  72  5:48  Overlord  
  74  5:51  Hydralisk  
  76  6:01  Hydralisk  
  76  6:02  Hydralisk  
  80  6:16  Hydralisk x2  
  83  6:20  Drone  
  83  6:21  Hydralisk  
  83  6:25  Zergling x10  
  91  6:27  Hatchery  
  86  6:40  Drone x2  
Show
View Real Time Build Order
Export as new Build Order

sebesdes Protoss 

Build Orders: Oracle Opening 

Get SALT Encoding   

  12  0:00  Probe  
  13  0:12  Probe  
  14  0:17  Pylon  
  14  0:24  Probe (Chrono Boost)  
  16  0:37  Gateway, Probe (Chrono Boost)  
  16  0:42  Probe (Chrono Boost)  
  16  0:46  Assimilator  
  17  0:52  Probe  
  18  1:04  Probe  
  19  1:16  Probe  
  20  1:28  Gateway  
  20  1:29  Cybernetics Core, Zealot  
  22  1:35  Pylon  
  22  1:36  Probe  
  23  1:53  Probe  
  24  2:06  Adept (Chrono Boost)  
  26  2:10  Nexus  
  26  2:19  Adept (Chrono Boost)  
  26  2:21  Probe  
  29  2:29  Stargate  
  29  2:38  Assimilator, Probe  
  30  2:53  Probe  
  30  2:56  Pylon  
  31  3:13  Oracle (Chrono Boost)  
  31  3:14  Probe  
  33  3:20  Shield Battery  
  33  3:26  Probe  
  34  3:32  Warp Gate  
  34  3:33  Probe (Chrono Boost)  
  33  3:37  Shield Battery  
  33  3:38  Probe (Chrono Boost)  
  34  3:48  Probe x2 (Chrono Boost)  
  36  3:53  Probe (Chrono Boost)  
  40  3:56  Probe  
  36  4:04  Probe  
  36  4:08  Probe  
  39  4:14  Void Ray (Chrono Boost)  
  39  4:16  Probe  
  40  4:20  Probe  
  40  4:23  Assimilator  
  41  4:28  Probe  
  42  4:35  Assimilator, Adept  
  42  4:36  Probe  
  44  4:44  Pylon  
  44  4:45  Pylon  
  44  5:02  Probe x2  
  39  5:14  Probe x2  
  39  5:16  Gateway  
  39  5:17  Gateway  
  41  5:23  Stalker  
  41  5:25  Stalker  
  41  5:26  Probe  
  46  5:29  Probe  
  47  5:39  Probe  
  47  5:41  Probe  
  49  5:43  Pylon  
  49  5:47  Sentry  
  51  5:51  Stalker, Probe  
  51  5:55  Pylon  
  54  6:01  Probe  
  54  6:03  Probe  
  56  6:10  Stalker x2  
  60  6:12  Stalker  
  60  6:16  Probe  
  60  6:18  Pylon  
  63  6:21  Pylon  
  63  6:26  Stalker  
  61  6:33  Stalker  
  61  6:34  Zealot  
  55  6:42  Zealot x2  
Tags
 
Add a new tag
Caveats
  • Supply blocks, unpowered buildings, or Contaminate may cause inaccurate times.
  • Supply counts are checked every 10 seconds.